Map: Ice and Chrome LE

Players

Hoilati

  • Race: Terran Terran
  • League: Diamond
  • Spawn Location: 7:00

tesked - Winner!

  • Race: Zerg Zerg
  • League: Diamond
  • Spawn Location: 1:00

VOD

Have the link to the VOD?

Description

Time

  • Played on: Sept. 19, 2020, 5:49 a.m.
  • Length: 20:34
Show
View Real Time Build Order
Export as new Build Order

Hoilati Terran 

Build Orders:  

Get SALT Encoding   

  12  0:00  SCV  
  13  0:15  Supply Depot  
  13  0:17  SCV  
  14  0:27  Refinery  
  14  0:30  SCV  
  15  0:41  Barracks  
  15  0:46  SCV  
  16  0:58  SCV  
  16  1:04  Refinery  
  17  1:10  SCV  
  18  1:27  Orbital Command  
  18  1:29  Factory  
  18  1:41  Barracks Reactor  
  18  1:53  SCV  
  19  2:05  SCV  
  20  2:20  Command Center  
  20  2:25  Hellion  
  20  2:29  SCV  
  23  2:37  Supply Depot  
  23  2:40  Barracks Tech Lab  
  23  2:46  Supply Depot  
  23  2:56  Starport  
  23  2:59  Hellion  
  23  3:02  Hellion  
  27  3:14  SCV  
  28  3:20  Hellion  
  28  3:23  Hellion  
  32  3:34  Starport Tech Lab  
  32  3:39  Fusion Core  
  32  3:51  Orbital Command  
  32  4:09  SCV  
  33  4:14  Hellion x2  
  33  4:15  Supply Depot  
  37  4:19  SCV  
  37  4:21  SCV  
  40  4:31  SCV  
  40  4:44  Battlecruiser  
  40  4:45  Hellion x2  
  50  5:01  SCV x2  
  50  5:02  Supply Depot  
  50  5:04  Supply Depot  
  50  5:14  SCV x2  
  50  5:19  Supply Depot  
  50  5:20  Supply Depot, Hellion  
  50  5:21  Hellion  
  56  5:27  SCV  
  59  5:28  Engineering Bay  
  59  5:36  Marine  
  58  6:30  Marauder, Hellion x2  
  58  6:31  Battlecruiser  
  60  6:35  Barracks  
  60  6:36  Barracks  
  60  6:37  Supply Depot  
  60  6:38  Supply Depot  
  46  6:56  Marauder, Hellion  
  46  6:57  Hellion  
  50  7:02  SCV x2  
  50  7:03  Terran Infantry Weapons Level 1, Bunker  
  52  7:12  Starport  
  52  7:13  Starport  
  52  7:14  SCV  
  53  7:18  Missile Turret  
  53  7:19  Missile Turret  
  53  7:25  Marauder, Barracks Reactor  
  53  7:26  Barracks Reactor  
  53  7:27  Barracks  
  57  7:30  Hellion x2  
  57  7:35  SCV  
  57  7:36  Refinery, SCV  
  61  7:40  Refinery  
  59  8:08  Starport Reactor, Battlecruiser, Starport Tech Lab  
  59  8:09  Marine x3  
  59  8:10  Marine, Marauder  
  71  8:27  Marine x2  
  73  8:43  Battlecruiser  
  73  8:44  Medivac  
  73  8:45  Medivac  
  73  8:46  Marauder  
  73  8:48  Stimpack  
  85  8:49  Marine x5  
  85  8:51  Hellion  
  92  9:00  SCV  
  92  9:01  SCV  
  94  9:05  Terran Infantry Armor Level 1  
  94  9:07  Marine x5  
  99  9:10  Marine  
  99  9:13  SCV  
  101  9:21  Armory  
  101  9:24  Marine x2  
  103  9:40  Command Center  
  103  9:46  Marine x4, Marauder  
  109  10:03  Supply Depot x2  
  109  10:05  Barracks Reactor  
  109  10:08  Marine  
  110  10:22  Marine x3, Medivac x2  
  110  10:24  Terran Ship Weapons Level 1  
  110  10:26  Supply Depot  
  110  10:27  Supply Depot  
  117  10:33  Marauder  
  117  10:34  Hellion x2  
  108  11:35  Battlecruiser x2  
  108  11:36  Medivac x2  
  108  11:37  Widow Mine, Hellion  
  108  11:38  Marauder  
  130  11:47  Planetary Fortress  
  130  11:58  Hellion  
  130  11:59  Marauder  
  134  12:02  Marine  
  134  12:03  Marine x5  
  140  12:20  Marine x2  
  140  12:21  Marine x3, Marauder  
  106  12:56  SCV x2  
  99  12:58  SCV  
  88  13:08  SCV x2  
  88  13:10  SCV  
  88  13:17  Marine x6, Marauder  
  88  13:19  Battlecruiser, Hellion x2  
  109  13:20  Battlecruiser, Medivac x2  
  109  13:23  SCV  
  109  13:24  Command Center  
  109  13:25  Refinery  
  109  13:26  Refinery  
  100  13:34  Marine  
  100  13:35  SCV, Marine x3  
  100  13:38  Marauder  
  100  13:40  Hellion x2  
  111  13:47  SCV  
  112  13:50  Medivac  
  112  13:51  Marine x2  
  112  13:52  Marine x2  
  112  13:53  Terran Infantry Weapons Level 2  
  112  13:55  Engineering Bay  
  118  13:59  SCV  
  118  14:00  Marauder  
  118  14:01  Hellion  
  118  14:02  Hellion  
  125  14:07  Marine x2  
  125  14:09  Marine x2  
  129  14:10  Supply Depot, Marine x2  
  129  14:11  SCV  
  129  14:13  Supply Depot  
  132  14:21  Marauder  
  132  14:23  Hellion x2  
  138  14:25  Marine x2  
  138  14:27  Marine  
  132  14:43  Marauder  
  132  14:44  Hellion  
  127  15:11  Marine, Hellion x2  
  127  15:12  Marine x5, Marauder  
  127  15:13  Terran Infantry Armor Level 2  
  143  15:14  Battlecruiser x2  
  143  15:15  Medivac  
  143  15:27  Orbital Command  
  143  15:29  Marine x3  
  143  15:30  Marine  
  143  15:32  Hellion x2  
  143  15:33  Marauder  
  153  15:54  Hellion  
  155  16:11  Marine x5  
  155  16:12  Marine x2  
  159  16:29  Marine  
  116  17:31  Hellion x2  
  116  17:32  Marine x2  
  116  17:33  Marine x4, Marauder  
  116  17:35  Battlecruiser x2  
  116  17:36  Terran Infantry Weapons Level 3  
  140  17:44  Command Center  
  140  17:50  Marine x4  
  140  17:51  Marine x2  
  145  17:53  Hellion  
  145  17:54  Marauder  
  150  18:08  Marine x5  
  150  18:09  Marine  
  155  18:15  Marine  
  150  18:26  Marine x5  
  155  18:34  Marine  
  155  18:35  Marine  
  156  18:43  Marine  
  156  18:44  Marine x4  
  156  18:52  Marine x2  
  129  19:16  Marine x6, Marauder  
  137  19:19  Battlecruiser, Hellion x2  
  106  19:34  Marine x4  
  106  19:37  Marauder  
  68  19:46  Marine x2  
  68  19:51  Marine x2  
  68  19:52  Marine x2  
  72  19:58  Marine  
  73  20:03  Marine  
  74  20:08  Marine  
  74  20:09  Marine x3  
Show
View Real Time Build Order
Export as new Build Order

tesked Zerg - Winner!

Build Orders: Hatch First, Swarm Host 

Get SALT Encoding   

  12  0:00  Drone  
  13  0:14  Overlord  
  13  0:19  Drone  
  14  0:32  Drone x2  
  16  0:48  Hatchery  
  15  0:51  Drone  
  15  0:55  Drone  
  17  1:02  Drone  
  18  1:10  Extractor  
  17  1:17  Drone  
  18  1:18  Spawning Pool  
  18  1:20  Drone  
  18  1:30  Drone  
  19  2:02  Overlord  
  19  2:06  Queen x2  
  19  2:07  Zergling x4  
  25  2:08  Drone  
  25  2:10  Drone  
  27  2:18  Metabolic Boost  
  27  2:20  Drone  
  28  2:30  Drone  
  28  2:31  Drone  
  30  2:38  Drone  
  30  2:44  Hatchery  
  30  2:51  Drone x3  
  33  2:55  Drone  
  33  2:57  Drone  
  35  3:04  Overlord  
  35  3:08  Overlord  
  35  3:17  Drone  
  36  3:21  Overlord  
  36  3:22  Queen  
  38  3:27  Zergling x8  
  42  3:36  Zergling x2  
  43  3:47  Drone  
  44  3:51  Drone x2  
  44  3:52  Drone  
  44  3:53  Drone  
  48  4:03  Queen  
  48  4:04  Queen  
  48  4:08  Drone x6  
  48  4:09  Drone  
  59  4:13  Drone  
  59  4:16  Drone  
  61  4:18  Drone  
  62  4:24  Drone x2  
  62  4:26  Lair  
  62  4:28  Drone x2  
  63  4:32  Extractor  
  63  4:37  Zergling x2  
  63  4:38  Zergling x14  
  66  4:40  Overlord x2  
  62  4:53  Drone x3  
  62  4:56  Drone  
  62  4:57  Overlord  
  62  4:59  Extractor  
  64  5:08  Drone x7  
  71  5:16  Drone  
  71  5:17  Drone x3  
  71  5:19  Drone x2  
  77  5:26  Roach Warren  
  77  5:27  Drone  
  77  5:28  Drone  
  77  5:29  Drone x2  
  77  5:33  Extractor  
  77  5:34  Spore Crawler  
  77  5:35  Spore Crawler  
  77  5:38  Spore Crawler  
  77  5:39  Extractor x2  
  74  5:44  Drone  
  74  5:45  Drone  
  74  5:46  Drone  
  74  5:47  Drone x4  
  81  5:51  Hatchery  
  81  5:54  Hatchery, Drone x2  
  81  5:55  Drone  
  81  5:57  Queen x2  
  82  6:03  Zergling x12  
  89  6:07  Queen  
  89  6:10  Zergling x6  
  84  6:20  Roach x3  
  84  6:23  Roach x3  
  83  6:29  Roach x4  
  83  6:32  Queen  
  79  6:38  Drone x2  
  79  6:39  Drone x2  
  81  6:41  Drone  
  81  6:50  Glial Reconstitution  
  81  6:51  Drone  
  81  6:52  Drone x2  
  79  7:00  Drone x2  
  81  7:05  Drone x2  
  81  7:07  Drone x4  
  81  7:08  Drone x2  
  89  7:14  Queen  
  89  7:15  Drone x2  
  93  7:17  Zergling x2  
  93  7:18  Zergling x2  
  93  7:19  Zergling x2  
  93  7:20  Drone, Zergling x2  
  93  7:21  Drone  
  99  7:24  Drone  
  99  7:25  Drone, Spore Crawler  
  100  7:30  Overseer  
  100  7:40  Drone x2  
  100  7:41  Overlord x2  
  100  7:42  Overlord x2  
  102  7:51  Overlord x4  
  102  8:03  Queen  
  102  8:04  Drone  
  102  8:05  Spire, Overlord x3, Queen  
  98  8:07  Drone  
  98  8:08  Drone x2  
  101  8:24  Queen x3  
  105  8:30  Drone x11  
  105  8:32  Drone  
  105  8:33  Drone x2  
  113  8:39  Queen  
  110  8:46  Drone x6  
  110  8:47  Drone  
  115  8:54  Evolution Chamber  
  114  8:56  Drone x4, Hydralisk Den  
  114  8:57  Drone  
  114  8:59  Drone x2  
  114  9:02  Spine Crawler  
  119  9:04  Drone x3  
  119  9:05  Drone  
  122  9:15  Drone x8  
  122  9:16  Drone x2  
  132  9:18  Spore Crawler  
  132  9:21  Spine Crawler  
  132  9:23  Spine Crawler  
  129  9:24  Extractor  
  129  9:25  Extractor  
  129  9:26  Zerg Missile Weapons Level 1  
  129  9:28  Muscular Augments  
  127  9:35  Zerg Flyer Armor Level 1  
  127  9:37  Infestation Pit  
  125  9:56  Overseer  
  125  10:01  Drone x3  
  125  10:02  Drone x3  
  131  10:09  Extractor x2  
  129  10:17  Spine Crawler x2  
  127  10:24  Hive  
  127  10:25  Swarm Host x15  
  127  10:28  Overlord x3  
  172  10:37  Roach  
  172  10:38  Hatchery, Spine Crawler  
  172  10:39  Grooved Spines, Overlord  
  172  10:40  Spine Crawler, Overlord  
  172  10:41  Spore Crawler  
  170  10:43  Ravager x5  
  170  10:45  Overlord x3  
  137  11:11  Corruptor x7  
  137  11:12  Corruptor  
  137  11:15  Roach  
  137  11:16  Roach  
  126  11:30  Corruptor  
  126  11:31  Corruptor  
  120  11:34  Roach x2  
  120  11:36  Roach  
  124  11:43  Drone  
  125  11:50  Corruptor  
  127  11:56  Queen  
  129  12:02  Zergling x2  
  129  12:03  Zergling x6  
  133  12:09  Extractor  
  133  12:10  Extractor  
  129  12:24  Roach  
  129  12:25  Roach x8  
  137  12:37  Roach x2  
  137  12:39  Hatchery  
  137  12:43  Roach  
  132  12:51  Roach  
  134  12:58  Hatchery  
  134  13:04  Hatchery  
  130  13:08  Roach x3  
  130  13:10  Drone  
  130  13:11  Drone  
  138  13:14  Drone  
  139  13:22  Drone x2  
  141  13:33  Overseer x3  
  141  13:35  Drone x2  
  143  13:41  Drone x2  
  143  13:44  Adrenal Glands  
  143  13:45  Zerg Flyer Armor Level 2  
  144  13:49  Queen  
  144  13:50  Queen  
  144  13:51  Drone  
  144  13:52  Drone  
  144  13:53  Drone  
  152  14:02  Drone  
  152  14:03  Drone x2  
  154  14:12  Drone x3  
  154  14:15  Drone  
  158  14:17  Drone  
  158  14:20  Drone  
  158  14:21  Drone x3  
  163  14:29  Drone x2  
  163  14:30  Drone x2  
  157  14:40  Roach  
  157  14:41  Roach x4  
  150  14:52  Drone x7  
  151  14:55  Drone, Roach  
  151  14:56  Drone x2  
  154  15:10  Drone x3  
  154  15:11  Drone x3  
  160  15:16  Drone  
  160  15:19  Roach x3  
  167  15:23  Zerg Missile Weapons Level 2  
  167  15:25  Queen  
  167  15:26  Drone x2  
  171  15:28  Drone x2  
  171  15:29  Drone  
  174  15:45  Ravager x11  
  174  15:46  Roach x5  
  174  15:47  Roach x2  
  174  15:49  Spine Crawler, Spore Crawler  
  197  15:50  Spine Crawler  
  197  15:53  Hydralisk x2  
  200  16:09  Mutalisk  
  197  16:19  Hydralisk  
  168  16:32  Corruptor  
  168  16:33  Corruptor x18  
  198  16:44  Roach  
  194  16:49  Roach x5  
  194  16:50  Roach  
  200  16:57  Overlord x2  
  196  17:04  Hydralisk x6  
  196  17:08  Hydralisk x2  
  174  17:25  Extractor  
  173  17:40  Zergling x24  
  173  17:41  Zergling x6  
  173  17:42  Zergling x6  
  191  17:47  Hatchery  
  191  17:48  Zergling x2  
  191  17:56  Queen  
  193  18:01  Hydralisk x3  
  193  18:03  Zergling x2  
  196  18:21  Roach x3  
  196  18:30  Roach x2  
  198  18:40  Roach  
  198  18:41  Roach  
  198  18:42  Hydralisk x2  
  198  18:53  Roach x3  
  199  18:56  Roach  
  195  19:10  Zergling x2  
  195  19:11  Zergling x4  
  195  19:15  Hatchery  
  197  19:27  Hydralisk x7  
  197  19:28  Hydralisk  
  197  19:30  Roach x3  
  197  19:31  Roach x4  
  195  19:36  Roach x3  
  183  19:39  Roach x2  
  183  19:41  Roach  
  183  19:45  Roach  
  185  19:54  Roach x3  
  187  20:00  Hydralisk x6  
  199  20:17  Hatchery  
Tags
 
Add a new tag
Caveats
  • Supply blocks, unpowered buildings, or Contaminate may cause inaccurate times.
  • Supply counts are checked every 10 seconds.